 Dungeon Crawl Stone Soup version 0.29-a0-43-g62a80824bf (webtiles) character file.

Game seed: 4324787200912443584

93 freelancePsychic the Sneak (level 4, 0/23 HPs)
             Began as a Vine Stalker Brigand on Feb 2, 2022.
             Slain by a hell rat (12 damage)
             ... in a sewer.
             The game lasted 00:07:02 (1831 turns).

freelancePsychic the Sneak (Vine Stalker Brigand)   Turns: 1831, Time: 00:07:02

Health: 0/23       AC:  5    Str: 16    XL:     4   Next: 61%
Magic:  0/5        EV: 11    Int: 11    God:
Gold:   55         SH:  0    Dex: 15    Spells: 3/3 levels left

rFire   . . .      SeeInvis .   a - +2 dagger
rCold   . . .      Faith    .   (no shield)
rNeg    . . .      Spirit   +   n - +0 leather armour
rPois   .          Reflect  .   (no helmet)
rElec   .          Harm     .   c - +0 cloak
rCorr   .          Rampage  .   i - +0 pair of gloves
Will    .....                   (no boots)
Stlth   +++.......              (no amulet)
HPRegen 0.87/turn               (no ring)
MPRegen 0.09/turn               (no ring)

@: no status effects
A: fangs 2, regeneration 1, magic shield, antimagic bite, no potion heal 2
a: no special abilities


You were in a sewer.
You visited 1 branch of the dungeon, and saw 3 of its levels.
You also visited: Sewer.

You collected 105 gold pieces.
You spent 50 gold pieces at shops.

Inventory:

Hand Weapons
 a - a +2 dagger (weapon)
Missiles
 d - 10 poisoned darts (quivered)
 e - 2 curare-tipped darts
 g - 2 boomerangs
Armour
 b - a +0 robe
 c - a +0 cloak (worn)
 i - a +0 pair of gloves (worn)
 n - a +0 leather armour (worn)
Jewellery
 j - a ring of wizardry
 p - a +6 ring of intelligence
Scrolls
 k - a scroll of immolation {unknown}
 o - a scroll of fog
Potions
 f - a potion of might {unknown}
 h - a potion of degeneration {unknown}
 l - a potion of berserk rage
 m - 2 potions of invisibility {unknown}


   Skills:
 + Level 2.7 Fighting
 * Level 3.3 Short Blades
 - Level 2.1 Throwing
 - Level 0.7 Dodging
 - Level 5.0 Stealth


You had 3 spell levels left.
You didn't know any spells.
Your spell library was empty.

Dungeon Overview and Level Annotations

Branches:
Dungeon (3/15)              Sewer (1/1)

Altars:

Shops:
D:1 !   D:2 =([!=   D:3 :


Innate Abilities, Weirdness & Mutations

You have extremely sharp teeth.
Your natural rate of healing is unusually fast.
When hurt, damage is shared between your health and your magic reserves.
Your bite disrupts and absorbs the magic of your enemies.
Potions cannot restore your health.


Message History

The hell rat splashes around in the water.
You hit the hell rat.
The hell rat is moderately wounded.
The hell rat splashes around in the water.
You hit the hell rat.
The hell rat is moderately wounded.
The hell rat bites you!
You are too injured to fight recklessly!
You are too injured to fight recklessly!
You are too injured to fight recklessly!
You are too injured to fight recklessly!
You are too injured to fight recklessly!
You are too injured to fight recklessly!
You are too injured to fight recklessly!
You are too injured to fight recklessly!
You are too injured to fight recklessly!
You are too injured to fight recklessly!
You are too injured to fight recklessly!
You are too injured to fight recklessly!
You are too injured to fight recklessly!
You are too injured to fight recklessly!
You are too injured to fight recklessly!
You are too injured to fight recklessly!
You are too injured to fight recklessly!
You are too injured to fight recklessly!
You barely miss the hell rat. You bite the hell rat. You drain its power.
You feel invigorated.
The hell rat is severely wounded.
The hell rat bites you. The hell rat misses you.
You hit the hell rat but do no damage.
The hell rat is severely wounded.
The hell rat splashes around in the water.
You hit the hell rat.
The hell rat is severely wounded.
The hell rat bites you.
You hit the hell rat.
The hell rat is severely wounded.
The hell rat bites you!
Ouch! That really hurt!
You die...

###.≈.###
#≈.≈.≈†≈#
##..≈.≈†≈##
#≈≈≈###≈†≈#
##.≈##≈##.≈##
#..≈#.≈≈#≈≈.#
#.≈##≈≈?##..#
#≈†#≈≈≈?!#≈≈#
#≈.@r≈≈!∩#∩∩#
#.r#≈≈≈=?#≈.#
#.≈##≈≈[##≈.#
#.≈≈ .≈.#≈..#
##.≈ ≈##≈.##
#..r ##..≈#
##≈≈ ≈.≈##
.≈..≈≈≈


You could see a hell rat and a rat.

Vanquished Creatures
  3 adders
  3 worms
  2 dart slugs
  An orc (D:3)
  4 ball pythons
  3 endoplasms
  5 giant cockroaches
  5 goblins
  2 hobgoblins
  2 jackals (D:3)
  2 quokkas (D:1)
  4 bats
  A frilled lizard (D:3)
  3 kobolds
  13 rats
53 creatures vanquished.

Notes
Turn   | Place    | Note
-------+----------+-------------------------------------------
     0 | D:1      | freelancePsychic the Vine Stalker Brigand began the quest
                  | for the Orb.
     0 | D:1      | Reached XP level 1. HP: 11/11 MP: 2/2
   316 | D:1      | Reached XP level 2. HP: 14/15 MP: 3/3
   548 | D:1      | Found Synytuyts's Distillery.
   556 | D:1      | Bought a potion of berserk rage for 50 gold pieces
  1103 | D:2      | Reached XP level 3. HP: 18/18 MP: 4/4
  1116 | D:2      | Found Qausaj's Distillery.
  1131 | D:2      | Found Osaecum's Jewellery Emporium.
  1259 | D:2      | Found Woumm's Weapon Boutique.
  1266 | D:2      | Found Hizxeg's Armour Emporium.
  1399 | D:2      | Reached skill level 5 in Stealth
  1417 | D:2      | Gained mutation: Your natural rate of healing is unusually
                  | fast. [Vine Stalker growth]
  1417 | D:2      | Reached XP level 4. HP: 23/23 MP: 5/5
  1585 | D:2      | Found Cessihoewk's Jewellery Emporium.
  1712 | D:3      | Found Fahum's Book Shoppe.
  1769 | D:3      | Found a glowing drain.
  1793 | Sewer    | Entered a sewer
  1831 | Sewer    | Slain by a hell rat

Illustrated notes

Levels and vault maps discovered:
D:1:      minmay_arrival_semitransparent, layout_basic, serial_shops, shop,
          serial_corexii_hall, corexii_hall_statues_s, corexii_hall_statues_u,
          minmay_misc_feat_iff, nrook_uturn
D:2:      layout_basic, serial_shops, shop, shop, shop, shop, shop_statue,
          minmay_pentomino_s4
D:3:      layout_rooms, serial_shops, shop, cheibrodos_sewer_entry_drain
Sewer:    sewer_hellmonk_bad_rat

Skill      XL: |  1  2  3 |
---------------+----------+-----
Short Blades   | 2 3 |  3.3
Fighting       | 2 |  2.7
Throwing       | 2 |  2.1
Stealth        | 5 |  5.0
Dodging        | |  0.7

Action                   |  1- 3 |  4- 6 || total
-------------------------+-------+-------++-------
Melee: Dagger            |    61 |    66 ||   127
       Bite              |     8 |    12 ||    20
       Punch             |       |     2 ||     2
  Use: Scroll            |     1 |     2 ||     3
 Stab: Sleeping          |    13 |     6 ||    19
Armor: Robe              |    12 |       ||    12
       Leather armour    |     9 |    13 ||    22
Dodge: Dodged            |    25 |    15 ||    40

Table legend: (Time is in decaauts)
 A = Elapsed time spent in this place.
 B = Non-inter-level travel time spent in this place.
 C = Inter-level travel time spent in this place.
 D = Time resting spent in this place.
 E = Time spent auto-exploring this place.
 F = Levels seen in this place.
 G = Mean time per level.
                   A        B        C        D        E       F      G
               +--------+--------+--------+--------+--------+-----+--------+
         Total |   1820 |   1687 |    133 |      0 |   1237 |   4 |  455.0 |
       Dungeon |   1780 |   1647 |    133 |      0 |   1231 |   3 |  593.3 |
         Sewer |     40 |     40 |      0 |      0 |      6 |   1 |   40.0 |
               +--------+--------+--------+--------+--------+-----+--------+

Top non-repeatable levels by time:
     D:1: 1064 daAuts
     D:2: 570 daAuts
     D:3: 144 daAuts
   Sewer: 40 daAuts
